 Dungeon Crawl Stone Soup version 0.20.1-1-g8b1a95d (webtiles) character file.

362 tidbits the Changer (level 6, -2/46 HPs)
             Began as a Demigod Transmuter on Aug 31, 2017.
             Slain by an ogre
             ... wielding a +0 giant spiked club
              (18 damage)
             ... on level 4 of the Dungeon.
             The game lasted 00:18:49 (1322 turns).

tidbits the Changer (Demigod Transmuter)            Turns: 1322, Time: 00:18:49

Health: -2/46      AC:  3    Str: 13    XL:     6   Next: 15%
Magic:  9/11       EV: 14    Int: 21    God:
Gold:   187        SH:  0    Dex: 16    Spells: 3/9 levels left

rFire    . . .     SeeInvis .   l - +2 short sword (freeze)
rCold    . . .     Gourm    .   (no shield)
rNeg     . . .     Faith    .   B - +0 robe
rPois    .         Spirit   .   E - +1 hat
rElec    .         Reflect  .   (no cloak)
rCorr    .         Harm     .   (no gloves)
MR       .....                  (no boots)
Stlth    +.........             (no amulet)
Regen    0.2/turn               V - +2 ring of evasion
MPRegen  0.2/turn               (no ring)

@: no status effects
A: high mp 1
a: no special abilities


You were on level 4 of the Dungeon.
You were not hungry.

You visited 1 branch of the dungeon, and saw 5 of its levels.
You also visited: Sewer and Ossuary.

You collected 187 gold pieces.

Inventory:

Hand Weapons
 l - a +2 short sword of freezing (weapon)
   (You took it off a kobold on level 3 of the Dungeon)
Missiles
 a - 6 curare-tipped needles
 b - 3 poisoned tomahawks (quivered)
 e - 17 sling bullets
 g - 29 stones
 h - 19 arrows
Armour
 B - a +0 robe (worn)
 E - a +1 hat (worn)
Jewellery
 V - a +2 ring of evasion (left hand)
   (You found it in a sewer)
Wands
 m - a wand of polymorph (23/24)
Scrolls
 f - a scroll of fog {unknown}
 i - a scroll of noise {unknown}
 k - a scroll of immolation
 o - a scroll of recharging {unknown}
 v - a scroll of enchant armour {unknown}
 w - a scroll of fear {unknown}
Potions
 j - a potion of haste
 n - a potion of heal wounds
 p - a potion of curing
 q - a potion of invisibility {unknown}
 r - a potion of lignification {unknown}
 s - a potion of flight {unknown}
Books
 c - a book of Changes

   Spells                             Type                      Level
   a - Beastly Appendage              Transmutation                1
   b - Sticks to Snakes               Transmutation                2
   c - Spider Form                    Transmutation/Poison         3
   d - Ice Form                       Ice/Transmutation            4
   e - Blade Hands                    Transmutation                5
Comestibles
 d - 2 bread rations
 u - a meat ration


   Skills:
 - Level 0.8 Fighting
 - Level 1.7 Dodging
 - Level 3.4 Unarmed Combat
 - Level 2.0 Spellcasting
 + Level 5.7 Transmutations


You had 3 spell levels left.
You knew the following spells:

 Your Spells              Type           Power        Failure   Level  Hunger
e - Beastly Appendage     Tmut           ####..       1%          1    #......
k - Sticks to Snakes      Tmut           ####....     1%          2    ##.....
p - Spider Form           Tmut/Pois      ##........   14%         3    ###....


Dungeon Overview and Level Annotations

Branches:
Dungeon (5/15)
 Temple: D:4-7

Annotations:
D:4 BGT's ghost, amateur GrEE


Innate Abilities, Weirdness & Mutations

You have an increased reservoir of magic. (+10% MP)


Message History

Casting: Spider Form
Confirm with . or Enter, or press ? or * to list all spells.
You turn into a venomous arachnid creature.
Your +2 short sword of freezing melds into your body.
Your +1 hat melds into your body.
Your +0 robe melds into your body.
Your +2 short sword of freezing stops glowing.
Purgy looks around nervously.
You closely miss Purgy. Purgy misses you. Purgy claws you.
Purgy claws you but does no damage.
You hit Purgy.
Purgy is poisoned.
Purgy is lightly wounded.
You bite Purgy!
Purgy looks as sick as possible!
Purgy is heavily wounded.
Purgy completely misses you. Purgy closely misses you. x2
You hit Purgy.
Purgy looks as sick as possible!
Purgy is heavily wounded.
Purgy bites you.
* * * LOW HITPOINT WARNING * * *
Purgy misses you. x2
You barely miss Purgy.
Purgy is heavily wounded.
You hit Purgy.
Purgy looks as sick as possible!
Purgy is severely wounded.
Purgy bites you.
* * * LOW HITPOINT WARNING * * *
Purgy barely misses you. Purgy claws you.
* * * LOW HITPOINT WARNING * * *
You hit Purgy.
Purgy looks as sick as possible!
Purgy is almost dead.
Your transformation is almost over.
You kill Purgy!
You have reached level 6!
Your experience leads to a dramatic increase in your attributes!
Your base attributes are Str 13, Int 19, Dex 16.
Increase (S)trength, (I)ntelligence, or (D)exterity?
You feel clever. x2
You see here 2 poisoned tomahawks.
b - 2 poisoned tomahawks You see here a poisoned tomahawk.
b - 3 poisoned tomahawks (gained 1)
Found a leather armour and 17 gold pieces.
Found a runed agate ring, a falchion, 21 arrows and 27 gold pieces.
Your extra speed is starting to run out.
Your transformation has ended.
Your +2 short sword of freezing unmelds from your body.
Your +1 hat unmelds from your body.
Your +0 robe unmelds from your body.
Your +2 short sword of freezing glows with a cold blue light!
You see here 11 gold pieces.
You now have 154 gold pieces (gained 11).
You feel yourself slow down.
You see here 14 gold pieces.
You now have 168 gold pieces (gained 14).
You see here 21 arrows.
h - 21 arrows You see here a runed agate ring.
x - a runed agate ring You see here 6 gold pieces.
You now have 174 gold pieces (gained 6).
You see here 13 gold pieces.
You now have 187 gold pieces (gained 13).
Put on which piece of jewellery? (? for menu, Esc to quit)
x - a +2 ring of evasion (left hand) Adjust (i)tems, (s)pells, or (a)bilities?
Adjust which item? (? for menu, Esc to quit)
x - a +2 ring of evasion (left hand) Adjust to which letter? (? for menu, Esc to quit)
V - a +2 ring of evasion (left hand) Magic restored.
There is a gate leading back out of this place here.
As you read the scroll of teleportation, it crumbles to dust.
You feel strangely unstable.
Welcome back to the Dungeon!
Level annotation: BGT's ghost, amateur GrEE BGT's ghost stares at you.
BGT's ghost gestures at you while chanting.
The blast of sand hits you!
* * * LOW HITPOINT WARNING * * *
There is a collapsed entrance here.
You enter the shallow water.
Moving in this stuff is going to be slow.
Your surroundings suddenly seem different.
An ogre comes into view. It is wielding a giant club.
The ogre shouts!
An ogre comes into view. It is wielding a giant spiked club.
The ogre shouts!
Found 6 gold pieces and a sharpened bronze wand.
An adder and a skeleton come into view.
Okay, then.
Casting: Spider Form
Confirm with . or Enter, or press ? or * to list all spells.
You create 2 snakes!
You now have 19 arrows.
A worker ant comes into view.
The worker ant waves its antennae.
The adder skeleton bites you.
* * * LOW HITPOINT WARNING * * *
Your adder bites the adder skeleton.
Your ball python bites the adder but does no damage.
Your ball python barely misses the adder.
The ogre hits you with a giant spiked club!!
You die...

.######### #
#........
###.#.../...#
#...#.......###
...............
........$.S.#####
.(......O.......#
..#..@ZS....#
.(#####OS.......
..# #...a.....
#.# #........#
#.# ###...#..#
#.# ....#.# #.#
#.##... #.# .# #.
#.#


You could see 2 ogres, a worker ant, an adder, an adder skeleton, a friendly
adder and a friendly ball python.

Vanquished Creatures
  Purgy (Sewer)
  A crimson imp (D:5)
  2 centaur zombies (Ossuary)
  2 worker ants
  A hound zombie (Ossuary)
  2 mummies (Ossuary)
  An adder (D:4)
  An ooze (D:3)
  An adder zombie (Ossuary)
  A worm (D:4)
  2 giant cockroaches
  3 goblins
  6 hobgoblins
  7 bats
  A frilled lizard (D:4)
  6 goblin zombies
  A hobgoblin zombie (Ossuary)
  5 jackal zombies (Ossuary)
  8 kobolds
  4 kobold zombies (Ossuary)
  3 orc zombies (Ossuary)
  6 quokka zombies
  6 rats
  4 rat zombies (Ossuary)
75 creatures vanquished.

Vanquished Creatures (collateral kills)
  A mummy (Ossuary)
  An adder (D:2)
  2 gnoll zombies (Ossuary)
  A goblin zombie (Ossuary)
  A hobgoblin zombie (Ossuary)
  A kobold zombie (Ossuary)
  An orc zombie (Ossuary)
8 creatures vanquished.

Grand Total: 83 creatures vanquished

Notes
Turn   | Place    | Note
-------+----------+-------------------------------------------
     0 | D:1      | tidbits the Demigod Transmuter began the quest for the Orb.
     0 | D:1      | Reached XP level 1. HP: 15/15 MP: 5/5
    22 | D:1      | Reached skill level 2 in Spellcasting
   129 | D:1      | Reached skill level 2 in Transmutations
   164 | D:1      | Reached XP level 2. HP: 14/22 MP: 4/7
   168 | D:1      | Learned a level 2 spell: Sticks to Snakes
   373 | D:2      | Reached skill level 3 in Unarmed Combat
   503 | D:3      | Reached XP level 3. HP: 27/27 MP: 4/8
   508 | D:3      | Learned a level 3 spell: Spider Form
   561 | D:4      | Noticed BGT's ghost (amateur GrEE)
   649 | D:4      | Reached skill level 3 in Transmutations
   684 | D:4      | Found a sand-covered staircase.
   708 | Ossuary  | Entered an ossuary
   765 | Ossuary  | Reached XP level 4. HP: 27/34 MP: 1/9
   892 | Ossuary  | Reached skill level 4 in Transmutations
   950 | Ossuary  | Reached XP level 5. HP: 18/39 MP: 4/10
  1105 | D:5      | Entered Level 5 of the Dungeon
  1109 | D:5      | Reached skill level 5 in Transmutations
  1175 | D:4      | Found a glowing drain.
  1189 | Sewer    | Entered a sewer
  1244 | Sewer    | Noticed Purgy
  1266 | Sewer    | Killed Purgy
  1266 | Sewer    | Reached XP level 6. HP: 16/46 MP: 7/11
  1322 | D:4      | Slain by an ogre

Skill      XL: |  1  2  3  4  5 |
---------------+----------------+-----
Spellcasting   | 2 |  2.0
Transmutations | 2 3 4 5 |  5.7
Unarmed Combat | 3 |  3.4
Fighting       | |  0.8
Dodging        | |  1.7

Action                   |  1- 3 |  4- 6 || total
-------------------------+-------+-------++-------
Melee: Unarmed           |    77 |    74 ||   151
       Kick              |     7 |     6 ||    13
       Headbutt          |     5 |     3 ||     8
       Short sword       |    13 |    44 ||    57
       Punch             |       |     1 ||     1
Throw: Tomahawk          |    24 |    24 ||    48
       Stone             |     1 |       ||     1
 Cast: Beastly Appendage |    18 |     8 ||    26
       Sticks to Snakes  |     7 |     5 ||    12
       Spider Form       |     4 |     7 ||    11
  Use: Scroll            |     2 |     3 ||     5
       Potion            |     1 |     1 ||     2
 Stab: Distracted        |       |     2 ||     2
  Eat: Royal jelly       |     1 |       ||     1
       Chunk             |       |     2 ||     2
Armor: Robe              |    12 |    11 ||    23
       Skin              |     5 |     3 ||     8
Dodge: Dodged            |    67 |    83 ||   150

Table legend:
 A = Turns spent in this place as a percentage of turns spent in the entire game.
 B = Non-inter-level travel turns spent in this place as a percentage of non-inter-level travel turns spent in the entire game.
 C = Inter-level travel turns spent in this place as a percentage of turns spent in this place.
 D = Turns resting spent in this place as a percentage of non-inter-level travel turns spent in this place.
 E = Turns spent auto-exploring this place as a percentage of non-inter-level travel turns spent in this place.
 F = Non-inter-level travel turns spent in this place divided by the number of levels of this place that you've seen.
                   A       B       C       D       E      F
               +-------+-------+-------+-------+-------+----------------------
         Total | 100.0 | 100.0 |   0.2 |   0.0 |   0.0 | 184.3
       Dungeon |  63.2 |  63.1 |   0.2 |   0.0 |   0.0 | 162.8
         Sewer |   8.7 |   8.8 |   0.0 |   0.0 |   0.0 | 113.0
       Ossuary |  28.1 |  28.1 |   0.0 |   0.0 |   0.0 | 363.0
               +-------+-------+-------+-------+-------+----------------------

Table legend:
 A = Kills in this place as a percentage of kills in entire the game.
 B = Kills by you in this place as a percentage of kills by you in the entire game.
 C = Kills by friends in this place as a percentage of kills by friends in the entire game.
 D = Other kills in this place as a percentage of other kills in the entire game.
 E = Experience gained in this place as a percentage of experience gained in the entire game.
 F = Experience gained in this place divided by the number of levels of this place that you have seen.
                   A       B       C       D       E      F
               +-------+-------+-------+-------+-------+----------------------
         Total | 100.0 | 100.0 | 100.0 |  -nan | 100.0 |  74.0
       Dungeon |  44.6 |  48.0 |  12.5 |  -nan |  37.8 |  39.2
         Sewer |   7.2 |   8.0 |   0.0 |  -nan |  25.5 | 132.0
       Ossuary |  48.2 |  44.0 |  87.5 |  -nan |  36.7 | 190.0
               +-------+-------+-------+-------+-------+----------------------

Vault maps used:
D:1:      onia_arrival_larder, nrook_loot_triangle, minmay_bisected
D:2:      hex_medium
D:3:      corexii_shack_village
D:4:      serial_shops, kennysheep_mini, enter_ossuary_4,
          cheibrodos_sewer_entry_bend, first_bread, uniq_edmund
D:5:      lightli_temple_of_fire, temple_statues, hangedman_decor_opposing,
          uniq_pikel
Sewer:    sewer_big_baddie
Ossuary:  minmay_ossuary_two_tombs
